 Dungeon Crawl Stone Soup version 0.26-a0-317-ge2f3d4a7ca (webtiles) character file.

Game seed: 16839160441239064410

1493 Infinimo the Slasher (level 9, 0/56 HPs)
             Began as a Kobold Berserker on July 16, 2020.
             Was an Elder of Trog.
             Slain by a hornet (9 damage)
             ... on level 6 of the Dungeon.
             The game lasted 00:04:12 (6367 turns).

Infinimo the Slasher (Kobold Berserker)             Turns: 6367, Time: 00:04:12

Health: 0/56       AC:  3    Str: 15    XL:     9   Next: 8%
Magic:  9/9        EV: 19    Int:  8    God:    Trog [****..]
Gold:   194        SH:  0    Dex: 17    Spells: 8/8 levels left

rFire    . . .     SeeInvis .   a - +0 falchion
rCold    . . .     Faith    .   (shield restricted)
rNeg     . . .     Spirit   .   b - +0 animal skin
rPois    .         Reflect  .   (no helmet)
rElec    .         Harm     .   l - +0 cloak
rCorr    .                      (no gloves)
MR       .....                  (no boots)
Stlth    ++........             (no amulet)
HPRegen  0.18/turn              (no ring)
MPRegen  0.11/turn              (no ring)

@: lethally poisoned (0 -> -7), berserk cooldown, slowed, very slow
A: small
a: Berserk, Trog's Hand, Brothers in Arms, Renounce Religion


You were on level 6 of the Dungeon.
You worshipped Trog.
Trog was greatly pleased with you.
You visited 1 branch of the dungeon, and saw 6 of its levels.

You collected 194 gold pieces.

Inventory:

Hand Weapons
 a - a +0 falchion (weapon)
Armour
 b - a +0 animal skin (worn)
 l - a +0 cloak (worn)
Jewellery
 u - a +6 ring of intelligence {unknown}
Scrolls
 f - a scroll of noise {unknown}
 g - 3 scrolls of remove curse
 h - a scroll of teleportation {unknown}
 k - a scroll of fear {unknown}
 m - 4 scrolls of identify {unknown}
 n - a scroll of enchant weapon {unknown}
 r - 3 scrolls of magic mapping {unknown}
 v - a scroll of fog {unknown}
 w - a scroll of immolation {unknown}
Potions
 c - 3 potions of might {unknown}
 d - a potion of brilliance {unknown}
 e - a potion of flight {unknown}
 i - a potion of haste {unknown}
 j - 3 potions of curing {unknown}
 o - a potion of magic {unknown}
 p - 2 potions of ambrosia {unknown}
 q - a potion of resistance {unknown}
 s - 3 potions of heal wounds {unknown}
 t - a potion of mutation {unknown}


   Skills:
 + Level 6.6 Fighting
 * Level 6.8 Long Blades
 - Level 1.5 Armour
 + Level 6.8 Dodging


You had 8 spell levels left.
You didn't know any spells.
Your spell library was empty.

Dungeon Overview and Level Annotations

Branches:
Dungeon (6/15)
 Temple: D:4-7

Altars:
Ashenzari
Cheibriados
Dithmenos
Fedhas
Hepliaklqana
Makhleb
Qazlal
Uskayaw
Vehumet
Zin

Annotations:
D:6 Dowan, Duvessa


Message History

There are monsters nearby!
Dowan misses you.
Duvessa, Sister of Dowan comes into view.
She is wielding a +0 short sword.
Dowan closely misses you.
You riposte.
You hit Dowan.
Dowan is lightly wounded.
The hornet stings you!
You feel as though you will be slow longer.
Dowan says, "Stay away from my face!"
The hornet stings you!
You feel as though you will be slow longer.
The hornet stings you!
* * * LOW HITPOINT WARNING * * *
You are poisoned.
You feel as though you will be slow longer.
As you read the scroll labeled PAFFATHR DELEBB, it crumbles to dust.
You feel as if something is helping you.
It was a scroll of remove curse.
* * * LOW HITPOINT WARNING * * *
You feel sick. The hornet stings you!
You die...

......##.##.........
.......<.##.........
......##.##..#......
.........[...#.#####
#### ###.......#
#.#...### #.#...#
#.....######
###....@ye.#
#..####.###
#.######..##.._..# #
..........##e#.#.##.#
.########.##.#......#
#........##.#
#....†...# #
#.##.#.#.....
#.#..#)####...


You could see Duvessa and a hornet.

Vanquished Creatures
  Sigmund (D:4)
  Edmund (D:5)
  5 ogres
  2 centaurs (D:5)
  A scorpion (D:3)
  The ghost of Gargoyl the Skirmisher, a weakling CeAK of Lugonu (D:3)
  An orc priest (D:4)
  3 hounds
  A bullfrog skeleton (D:3)
  An iron imp (D:5)
  2 orc wizards (D:4)
  Jessica (D:3)
  5 worker ants
  A hound zombie (D:5)
  6 adders
  A shadow imp (D:5)
  A white imp (D:4)
  An ooze (D:3)
  An adder skeleton (D:4)
  A dart slug (D:4)
  A leopard gecko (D:6)
  14 orcs
  8 bats
  4 giant cockroaches
  8 goblins
  4 hobgoblins
  17 jackals
  4 kobolds
  3 quokkas
  3 ball pythons
  7 frilled lizards
  A leopard gecko skeleton (D:5)
  5 rats
116 creatures vanquished.

Notes
Turn   | Place    | Note
-------+----------+-------------------------------------------
     0 | D:1      | Infinimo the Kobold Berserker began the quest for the Orb.
     0 | D:1      | Reached XP level 1. HP: 14/14 MP: 1/1
   163 | D:1      | Reached XP level 2. HP: 19/19 MP: 2/2
   667 | D:1      | Reached XP level 3. HP: 23/23 MP: 3/3
   939 | D:2      | Reached ** piety under Trog
  1101 | D:2      | Reached XP level 4. HP: 24/29 MP: 4/4
  1263 | D:2      | Found a blossoming altar of Fedhas.
  1696 | D:3      | Found a hazy altar of Hepliaklqana.
  1769 | D:3      | Noticed a +0 hand axe
  1770 | D:3      | Noticed a +0 dagger
  1773 | D:3      | Found a hide-covered altar of Uskayaw.
  1813 | D:3      | Found a runed translucent door.
  1820 | D:3      | Noticed Gargoyl's ghost (weakling CeAK)
  1916 | D:3      | Noticed Jessica
  1925 | D:3      | Killed Jessica
  1925 | D:3      | Reached XP level 5. HP: 30/33 MP: 5/5
  1995 | D:3      | You fall into a shaft and drop 1 floor!
  2381 | D:3      | Reached XP level 6. HP: 39/39 MP: 6/6
  2588 | D:3      | Found a shattered altar of Ashenzari.
  2775 | D:3      | Killed Gargoyl's ghost
  2870 | D:4      | Noticed an ogre
  2876 | D:4      | Killed an ogre
  2876 | D:4      | Reached XP level 7. HP: 44/44 MP: 7/7
  2940 | D:4      | Noticed Sigmund
  2945 | D:4      | Reached *** piety under Trog
  2950 | D:4      | Killed Sigmund
  2950 | D:4      | Reached skill level 5 in Fighting
  2950 | D:4      | Reached skill level 5 in Long Blades
  2950 | D:4      | Reached skill level 5 in Dodging
  3794 | D:4      | Reached XP level 8. HP: 50/50 MP: 8/8
  4612 | D:5      | Entered Level 5 of the Dungeon
  5393 | D:5      | Found a snail-covered altar of Cheibriados.
  5560 | D:5      | Noticed Edmund
  5577 | D:5      | Killed Edmund
  5999 | D:5      | Found a stormy altar of Qazlal.
  6095 | D:5      | Found a shadowy altar of Dithmenos.
  6095 | D:5      | Found a radiant altar of Vehumet.
  6124 | D:5      | Found a burning altar of Makhleb.
  6140 | D:5      | Reached XP level 9. HP: 47/56 MP: 9/9
  6289 | D:6      | Reached **** piety under Trog
  6344 | D:6      | Found a glowing silver altar of Zin.
  6358 | D:6      | Noticed a hornet
  6359 | D:6      | Noticed Dowan
  6361 | D:6      | Noticed Duvessa
  6367 | D:6      | Slain by a hornet

Illustrated notes

Levels and vault maps discovered:
D:1:      eino_arrival_water_star, layout_basic
D:2:      layout_rooms, fedhas_altar_3
D:3:      layout_loops_ring, ashenzari_conservatory_becter,
          dancing_weapons_uskayaw, lemuel_crystal_altar, ebering_ghost_sewer_d,
          uniq_jessica
D:4:      layout_loops_cross, uniq_sigmund
D:5:      layout_loops_ring, slow_altar_1, makhleb_heckhound_becter,
          gammafunk_temple_overflow_elements, minmay_door_square,
          lemuel_statue_altar, uniq_edmund
D:6:      layout_loops_cross, lemuel_crystal_altar, minmay_temple_entry_hall,
          serial_shops, nicolae_shop_waterfront, minmay_manual_monstrance,
          uniq_crazy_yiuf_cottage, uniq_duvessa, uniq_maggie

Skill      XL: |  1  2  3  4  5  6  7  8 |
---------------+-------------------------+-----
Long Blades    | 3 4 5 6 |  6.8
Dodging        | 3 4 5 6 |  6.8
Fighting       | 4 5 6 |  6.6
Armour         | |  1.5

Action                   |  1- 3 |  4- 6 |  7- 9 || total
-------------------------+-------+-------+-------++-------
Melee: Falchion          |    78 |   120 |   214 ||   412
Invok: Berserk           |     3 |     4 |    10 ||    17
  Use: Scroll            |       |       |     1 ||     1
 Stab: Sleeping          |     1 |     2 |     1 ||     4
Armor: Animal skin       |    25 |     8 |    17 ||    50
Dodge: Dodged            |    75 |   116 |   177 ||   368
       Rpst.: Falchion   |    27 |    36 |    45 ||   108

Table legend:
 A = Non-vault XP
 B = Vault XP
 C = Vault XP percentage of total XP
 D = Non-vault monster count
 E = Vault monster count
 F = Vault count percentage of total count
                 A         B        C        D         E       F
            +---------+---------+-------+---------+---------+-------
      Total |    1541 |     593 |  27.8 |     107 |       9 |   7.8
            +---------+---------+-------+---------+---------+-------
        D:1 |      30 |       0 |   0.0 |      19 |       0 |   0.0
        D:2 |      71 |       0 |   0.0 |      16 |       0 |   0.0
        D:3 |     186 |     126 |  40.4 |      26 |       4 |  13.3
        D:4 |     534 |     220 |  29.2 |      25 |       1 |   3.8
        D:5 |     593 |     245 |  29.2 |      14 |       3 |  17.6
        D:6 |     127 |       2 |   1.6 |       7 |       1 |  12.5
            +---------+---------+-------+---------+---------+-------
